GCL
ATLANTA (GCL) BRAVES @ DETROIT (GCL) TIGERS
09/02/2098
 
TOP OF THE 1ST
Atlanta (GCL) Braves batting - Pitching for Detroit (GCL) Tigers : RHP Jim Unknown
Pitching: RHP Jim Unknown
Batting: LHB Tomas Melgar 0-0: Ball
1-0: SOLO HOME RUN (Flyball, 7D, EV 97.5 MPH), Distance : 379 ft
Batting: RHB Chris Bjork 0-0: Ball
1-0: Foul Ball, location: 2F
1-1: Fly out, F9 (Flyball, 9, EV 95.0 MPH)
Batting: RHB Luiz Innis 0-0: Ball
1-0: Called Strike
1-1: Ball
2-1: DOUBLE (Flyball, 89XD, EV 91.9 MPH)
Batting: RHB Dan Sullivan 0-0: Ball
1-0: Foul Ball, location: 25FF
1-1: Ball
2-1: Ball
3-1: Foul Ball, location: 2F
3-2: Base on Balls
Batting: RHB Josh Orrick 0-0: Ball
1-0: Ball
2-0: Called Strike
2-1: Swinging Strike
2-2: Strikes out swinging
Batting: RHB Andy Vargas 0-0: Foul Ball, location: 23FF
0-1: Ball
1-1: Ball
2-1: Fly out, F9 (Flyball, 9, EV 85.6 MPH)
Top of the 1st over - 1 run, 2 hits, 0 errors, 2 left on base; Atlanta (GCL) 1 - Detroit (GCL) 0
BOTTOM OF THE 1ST
Detroit (GCL) Tigers batting - Pitching for Atlanta (GCL) Braves : RHP Pascal Scholtens
Pitching: RHP Pascal Scholtens
Batting: LHB Brent Lewis 0-0: Ball
1-0: Called Strike
1-1: Ball
2-1: Ground out 4-3 (Groundball, 4, EV 82.5 MPH)
Batting: RHB Nick Sciara 0-0: Fly out, F7 (Flyball, 7LS, EV 90.6 MPH)
Batting: LHB Rob Thomas 0-0: Fly out, F8 (Flyball, 8LM, EV 89.4 MPH)
Bottom of the 1st over - 0 runs, 0 hits, 0 errors, 0 left on base; Atlanta (GCL) 1 - Detroit (GCL) 0
TOP OF THE 2ND
Atlanta (GCL) Braves batting - Pitching for Detroit (GCL) Tigers : RHP Jim Unknown
Batting: RHB Ryan Skelly 0-0: Ball
1-0: Fly out, F8 (Flyball, 89M, EV 86.3 MPH)
Batting: RHB Walter Shelton 0-0: Ball
1-0: Ball
2-0: SINGLE (Groundball, 4MD, EV 94.4 MPH)
Batting: SHB Jim Unknown 0-0: Ball
1-0: Called Strike
1-1: Ball
2-1: Fly out, F2 (Popup, 15S, EV 92.5 MPH)
Batting: LHB Tomas Melgar 0-0: Ball
1-0: Swinging Strike
1-1: Fly out, F8 (Flyball, 8RM, EV 73.1 MPH)
Top of the 2nd over - 0 runs, 1 hit, 0 errors, 1 left on base; Atlanta (GCL) 1 - Detroit (GCL) 0
BOTTOM OF THE 2ND
Detroit (GCL) Tigers batting - Pitching for Atlanta (GCL) Braves : RHP Pascal Scholtens
Batting: RHB Felix Alejandro 0-0: Ball
1-0: Swinging Strike
1-1: Ground out 6-3 (Groundball, 6, EV 78.1 MPH)
Batting: RHB Chris Boley 0-0: Called Strike
0-1: Called Strike
0-2: Foul Ball, location: 23F
0-2: SINGLE (Groundball, 4S, EV 68.1 MPH) (infield hit)
Batting: RHB Gustavo Rosales 0-0: Called Strike
0-1: Swinging Strike
0-2: Ball
1-2: Foul Ball, location: 23FF
1-2: Ball
2-2: Strikes out swinging
Batting: RHB Zach Tobin 0-0: Called Strike
Chris Boley steals 2nd base
0-1: Ball
1-1: Ball
2-1: 2-RUN HOME RUN (Flyball, 7D, EV 100.6 MPH), Distance : 391 ft
Batting: LHB Moises Lara 0-0: Fly out, F5 (Popup, 5F, EV 66.3 MPH)
Bottom of the 2nd over - 2 runs, 2 hits, 0 errors, 0 left on base; Atlanta (GCL) 1 - Detroit (GCL) 2
TOP OF THE 3RD
Atlanta (GCL) Braves batting - Pitching for Detroit (GCL) Tigers : RHP Jim Unknown
Batting: RHB Chris Bjork 0-0: Ball
1-0: Ball
2-0: Called Strike
2-1: Ground out 1-3 (Groundball, 13S, EV 67.5 MPH)
Batting: RHB Luiz Innis 0-0: Ball
1-0: Foul Ball, location: 2F
1-1: Ball
2-1: Foul Ball, location: 2F
2-2: Fly out, F7 (Line Drive, 7LM, EV 106.3 MPH)
Batting: RHB Dan Sullivan 0-0: Foul Ball, location: 9LSF
0-1: Foul Ball, location: 23F
0-2: Ball
1-2: Ground out 1-3 (Groundball, 13S, EV 76.9 MPH)
Top of the 3rd over - 0 runs, 0 hits, 0 errors, 0 left on base; Atlanta (GCL) 1 - Detroit (GCL) 2
BOTTOM OF THE 3RD
Detroit (GCL) Tigers batting - Pitching for Atlanta (GCL) Braves : RHP Pascal Scholtens
Batting: RHB Brian Martin 0-0: Foul Ball, location: 9LDF
0-1: Foul Ball, location: 7LSF
0-2: Ball
1-2: Strikes out swinging
Batting: LHB Brent Lewis 0-0: Foul Ball, location: 3FF
0-1: Ball
1-1: Foul Ball, location: 2F
1-2: Ball
2-2: SINGLE (Line Drive, 3D, EV 95.0 MPH)
Batting: RHB Nick Sciara 0-0: Ball
1-0: Grounds into double play, 4-6-3 (Groundball, 4, EV 78.8 MPH)
Bottom of the 3rd over - 0 runs, 1 hit, 0 errors, 0 left on base; Atlanta (GCL) 1 - Detroit (GCL) 2
TOP OF THE 4TH
Atlanta (GCL) Braves batting - Pitching for Detroit (GCL) Tigers : RHP Jim Unknown
Batting: RHB Josh Orrick 0-0: Called Strike
0-1: Called Strike
0-2: Foul Ball, location: 2F
0-2: Ball
1-2: Strikes out swinging
Batting: RHB Andy Vargas 0-0: Foul Ball, location: 9LDF
0-1: Ball
1-1: Foul Ball, location: 25F
1-2: Strikes out swinging
Batting: RHB Ryan Skelly 0-0: Ball
1-0: Ball
2-0: Ball
3-0: Called Strike
3-1: Base on Balls
Batting: RHB Walter Shelton 0-0: Ball
1-0: SINGLE (Line Drive, 9S, EV 86.9 MPH)
Ryan Skelly to second
Runner from 2nd tries for 3rd, SAFE, no throw by RF
Batting: SHB Jim Unknown 0-0: Ball
1-0: Ball
2-0: Foul Ball, location: 9LMF
2-1: Fly out, F7 (Flyball, 78M, EV 72.5 MPH)
Top of the 4th over - 0 runs, 1 hit, 0 errors, 2 left on base; Atlanta (GCL) 1 - Detroit (GCL) 2
BOTTOM OF THE 4TH
Detroit (GCL) Tigers batting - Pitching for Atlanta (GCL) Braves : RHP Pascal Scholtens
Batting: LHB Rob Thomas 0-0: Foul Ball, location: 9LSF
0-1: SINGLE (Groundball, 4D, EV 105.6 MPH)
Batting: RHB Felix Alejandro 0-0: Ball
1-0: Ball
2-0: Called Strike
2-1: Called Strike
2-2: Fielders Choice at 2nd, 6-4 (Groundball, 6, EV 85.0 MPH)
Batting: RHB Chris Boley 0-0: Ball
Felix Alejandro steals 2nd base
1-0: Swinging Strike
1-1: Fly out, F7 (Flyball, 7LM, EV 96.9 MPH)
Batting: RHB Gustavo Rosales 0-0: Ball
1-0: Called Strike
1-1: Ball
2-1: Foul Ball, location: 9LMF
2-2: Strikes out swinging
Bottom of the 4th over - 0 runs, 1 hit, 0 errors, 1 left on base; Atlanta (GCL) 1 - Detroit (GCL) 2
TOP OF THE 5TH
Atlanta (GCL) Braves batting - Pitching for Detroit (GCL) Tigers : RHP Jim Unknown
Batting: LHB Tomas Melgar 0-0: Ball
1-0: Foul Ball, location: 2F
1-1: SINGLE (Line Drive, 34D, EV 95.6 MPH)
Batting: RHB Chris Bjork 0-0: Fly out, F9 (Flyball, 9LM, EV 88.8 MPH)
Batting: RHB Luiz Innis 0-0: Ball
1-0: Foul Ball, location: 3F
1-1: Ball
2-1: Fly out, F4 (Line Drive, 4, EV 68.1 MPH)
Batting: RHB Dan Sullivan 0-0: SINGLE (Line Drive, 78S, EV 104.4 MPH)
Tomas Melgar to second
Batting: RHB Josh Orrick 0-0: Ball
1-0: Foul Ball, location: 25F
1-1: Called Strike
1-2: Strikes out looking
Top of the 5th over - 0 runs, 2 hits, 0 errors, 2 left on base; Atlanta (GCL) 1 - Detroit (GCL) 2
BOTTOM OF THE 5TH
Detroit (GCL) Tigers batting - Pitching for Atlanta (GCL) Braves : RHP Pascal Scholtens
Batting: RHB Zach Tobin 0-0: SOLO HOME RUN (Line Drive, 7D, EV 106.3 MPH), Distance : 392 ft
Batting: LHB Moises Lara 0-0: Ball
1-0: Ball
2-0: Ball
3-0: Base on Balls
Batting: RHB Brian Martin 0-0: Bunted foul
0-1: Bunt missed!
0-2: Foul Ball, location: 9LMF
0-2: Ball
1-2: Fly out, F8 (Flyball, 78M, EV 86.3 MPH)
Batting: LHB Brent Lewis 0-0: Foul Ball, location: 2F
0-1: Ball
1-1: Called Strike
1-2: Strikes out swinging
Batting: RHB Nick Sciara 0-0: Swinging Strike
0-1: Called Strike
0-2: Ground out 6-3 (Groundball, 6M, EV 86.9 MPH)
Bottom of the 5th over - 1 run, 1 hit, 0 errors, 1 left on base; Atlanta (GCL) 1 - Detroit (GCL) 3
TOP OF THE 6TH
Atlanta (GCL) Braves batting - Pitching for Detroit (GCL) Tigers : RHP Jim Unknown
Pitching: RHP Jim Unknown
Batting: RHB Andy Vargas 0-0: Ball
1-0: Called Strike
1-1: Ground out 1-3 (Groundball, 15S, EV 71.3 MPH)
Batting: RHB Ryan Skelly 0-0: Ball
1-0: Ball
2-0: Ball
3-0: Called Strike
3-1: Base on Balls
Pinch Hitting: RHB Victor Tamez 0-0: Foul Ball, location: 5F
0-1: Foul Ball, location: 9LSF
0-2: Strikes out swinging
Batting: SHB Jim Unknown 0-0: Swinging Strike
0-1: Called Strike
0-2: Strikes out swinging
Top of the 6th over - 0 runs, 0 hits, 0 errors, 1 left on base; Atlanta (GCL) 1 - Detroit (GCL) 3
BOTTOM OF THE 6TH
Detroit (GCL) Tigers batting - Pitching for Atlanta (GCL) Braves : RHP Pascal Scholtens
Now in RF: Victor Tamez
Batting: LHB Rob Thomas 0-0: SINGLE (Line Drive, 9S, EV 107.5 MPH)
Batting: RHB Felix Alejandro 0-0: Foul Ball, location: 5FF
0-1: Grounds into double play, 6-4-3 (Groundball, 6, EV 81.3 MPH)
Batting: RHB Chris Boley 0-0: Called Strike
0-1: DOUBLE (Flyball, 89D, EV 98.8 MPH)
Batting: RHB Gustavo Rosales 0-0: Ball
1-0: Ball
2-0: Ball
3-0: Base on Balls
Pitching: RHP Jose Arteaga
Batting: RHB Zach Tobin 0-0: Ball
1-0: SINGLE (Line Drive, 8RS, EV 88.8 MPH)
Chris Boley to third
Gustavo Rosales to second
Runner from 3rd tries for Home, SAFE, throw by CF to home
Batting: LHB Moises Lara 0-0: Called Strike
0-1: Fielders Choice at 2nd, 6-4 (Groundball, 6, EV 85.6 MPH)
Bottom of the 6th over - 1 run, 3 hits, 0 errors, 2 left on base; Atlanta (GCL) 1 - Detroit (GCL) 4
TOP OF THE 7TH
Atlanta (GCL) Braves batting - Pitching for Detroit (GCL) Tigers : RHP Jim Unknown
Batting: LHB Tomas Melgar 0-0: Ball
1-0: Ball
2-0: Called Strike
2-1: Swinging Strike
2-2: Foul Ball, location: 2F
2-2: Foul Ball, location: 2LF
2-2: Ball
3-2: Strikes out swinging
Batting: RHB Chris Bjork 0-0: Ball
1-0: Swinging Strike
1-1: Called Strike
1-2: SINGLE (Groundball, 34D, EV 105.6 MPH)
Batting: RHB Luiz Innis 0-0: Called Strike
Chris Bjork steals 2nd base
0-1: Ball
1-1: Ground out 5-3 (Groundball, 56S, EV 90.0 MPH)
Batting: RHB Dan Sullivan 0-0: Ball
1-0: Ball
2-0: Ball
3-0: Called Strike
3-1: Called Strike
3-2: Fly out, F8 (Flyball, 78M, EV 93.1 MPH)
Top of the 7th over - 0 runs, 1 hit, 0 errors, 1 left on base; Atlanta (GCL) 1 - Detroit (GCL) 4
BOTTOM OF THE 7TH
Detroit (GCL) Tigers batting - Pitching for Atlanta (GCL) Braves : RHP Jose Arteaga
Batting: RHB Brian Martin 0-0: Called Strike
0-1: Fly out, F9 (Flyball, 9LM, EV 93.1 MPH)
Batting: LHB Brent Lewis 0-0: Called Strike
0-1: Ball
1-1: Ball
2-1: Fly out, F7 (Flyball, 7, EV 92.5 MPH)
Batting: RHB Nick Sciara 0-0: Ground out 6-3 (Groundball, 6MD, EV 94.4 MPH)
Bottom of the 7th over - 0 runs, 0 hits, 0 errors, 0 left on base; Atlanta (GCL) 1 - Detroit (GCL) 4
TOP OF THE 8TH
Atlanta (GCL) Braves batting - Pitching for Detroit (GCL) Tigers : RHP Jim Unknown
Pitching: RHP Jim Unknown
Pinch Hitting: SHB Dennis Vaupel 0-0: Foul Ball, location: 3FF
0-1: Ball
1-1: Ball
2-1: Foul Ball, location: 5SF
2-2: DOUBLE (Groundball, 3L, EV 111.3 MPH)
Pinch Hitting: LHB Serguei Eliasberg 0-0: Called Strike
0-1: Ball
1-1: Foul Ball, location: 2F
1-2: Strikes out swinging
Pinch Hitting: LHB Gustavo Matos 0-0: SINGLE (Line Drive, 78S, EV 97.5 MPH)
Dennis Vaupel to third
Batting: RHB Victor Tamez 0-0: Foul Ball, location: 5FF
0-1: SINGLE (Flyball, 8RS, EV 88.1 MPH)
Dennis Vaupel scores
Gustavo Matos to second
Batting: SHB Jim Unknown 0-0: Foul Ball, location: 9LSFF
0-1: Swinging Strike
0-2: Ball
1-2: SINGLE (Flyball, 8LS, EV 91.9 MPH)
Gustavo Matos to third
Victor Tamez to second
Runner from 3rd tries for Home, SAFE, throw by CF to home
Batting: LHB Tomas Melgar 0-0: Ball
1-0: Foul Ball, location: 2F
1-1: Called Strike
1-2: Strikes out swinging
Batting: RHB Chris Bjork 0-0: Foul Ball, location: 9LDF
0-1: Called Strike
0-2: Foul Ball, location: 2F
0-2: Ball
1-2: Strikes out looking
Top of the 8th over - 2 runs, 4 hits, 0 errors, 2 left on base; Atlanta (GCL) 3 - Detroit (GCL) 4
BOTTOM OF THE 8TH
Detroit (GCL) Tigers batting - Pitching for Atlanta (GCL) Braves : RHP Jose Arteaga
Pitching: LHP Andres Serna
Now at 1B: Omar Medina
Now at 2B: Ed Rivera
Now at 3B: Serguei Eliasberg
Pinch Hitting: RHB Mike Walters 0-0: Ball
1-0: Ball
2-0: Called Strike
2-1: Foul Ball, location: 7LMF
2-2: Strikes out swinging
Pitching: RHP Emilio Almodovar
Batting: RHB Felix Alejandro 0-0: Ball
1-0: Ball
2-0: Called Strike
2-1: Foul Ball, location: 3F
2-2: Strikes out swinging
Batting: RHB Chris Boley 0-0: Swinging Strike
0-1: Foul Ball, location: 3FF
0-2: Fly out, F9 (Flyball, 9LMF, EV 86.9 MPH)
Bottom of the 8th over - 0 runs, 0 hits, 0 errors, 0 left on base; Atlanta (GCL) 3 - Detroit (GCL) 4
TOP OF THE 9TH
Atlanta (GCL) Braves batting - Pitching for Detroit (GCL) Tigers : RHP Jim Unknown
Now in RF: Doug Marlow
Batting: RHB Luiz Innis 0-0: Fly out, F8 (Flyball, 8RD, EV 95.6 MPH)
Batting: RHB Dan Sullivan 0-0: Ball
1-0: Ball
2-0: Fly out, F7 (Flyball, 7S, EV 88.1 MPH)
Batting: RHB Omar Medina 0-0: Called Strike
0-1: Ball
1-1: Ball
2-1: Ground out 6-3 (Groundball, 56S, EV 74.4 MPH)
Top of the 9th over - 0 runs, 0 hits, 0 errors, 0 left on base; Atlanta (GCL) 3 - Detroit (GCL) 4
Sunday, April 14th , 2024 - OOTP Baseball 24.11 Build 85